[Event "*** Titled Tuesday Blitz"]
[Site "Chess.com"]
[Date "2020.05.26"]
[Round "5"]
[White "XxPetroffsxX"]
[Black "Bastiandash"]
[Result "1-0"]
[WhiteElo "1925"]
[BlackElo "2109"]
[TimeControl "180+1"]
[EndTime "10:51:50 PDT"]
[Termination "XxPetroffsxX won by resignation"]

1. e4 c5 2. Nf3 e6 3. Be2 a6 4. O-O b5 5. a4 b4 6. d4 cxd4 7. Nxd4 Bb7 8. Bf3 Qc7 9. c3 Nf6 10. Re1 d5 11. exd5 Nxd5 12. Qb3 a5 13. Bxd5 Bxd5 14.
Qxd5 1-0

[Event "*** Titled Tuesday Blitz"]
[Site "Chess.com"]
[Date "2020.05.26"]
[Round "5"]
[White "moro182"]
[Black "zmeeed67"]
[Result "0-1"]
[WhiteElo "2621"]
[BlackElo "2450"]
[TimeControl "180+1"]
[EndTime "10:52:12 PDT"]
[Termination "zmeeed67 won by checkmate"]

1. d4 d5 2. Bf4 Nf6 3. e3 c5 4. dxc5 e6 5. b4 Nc6 6. Bb5 a5 7. c3 Be7 8. Nd2 O-O 9. a3 e5 10. Bg5 d4 11. cxd4 exd4 12. Bxc6 bxc6 13. Ngf3 dxe3 14. Bxe3 Ba6 15. Nd4 Nd5 16. Nxc6 Qd7 17. Ne5 Nxe3 18. Nxd7 Nxg2# 0-1

[Event "*** Titled Tuesday Blitz"]
[Site "Chess.com"]
[Date "2020.05.26"]
[Round "5"]
[White "The_Machine04"]
[Black "KacperPolOK"]
[Result "1-0"]
[WhiteElo "2299"]
[BlackElo "2406"]
[TimeControl "180+1"]
[EndTime "10:52:15 PDT"]
[Termination "The_Machine04 won by resignation"]

1. d4 e6 2. Nf3 f5 3. Bg5 Nf6 4. Nc3 Be7 5. Bxf6 Bxf6 6. e4 fxe4 7. Nxe4 O-O 8. Bd3 b6 9. Qe2 Bb7 10. c3 Nc6 11. h4 Ne7 12. Neg5 h6 13. Ne4 Nd5 14.
g3 Be7 15. O-O-O Nf6 16. Nfd2 Nxe4 17. Nxe4 Bxe4 18. Qxe4 Rf5 19. g4 d5 20. Qxe6+ Rf7 21. Bg6 1-0

[Event "*** Titled Tuesday Blitz"]
[Site "Chess.com"]
[Date "2020.05.26"]
[Round "5"]
[White "Anton_Demchenko"]
[Black "BikingBrian"]
[Result "1-0"]
[WhiteElo "2830"]
[BlackElo "2252"]
[TimeControl "180+1"]
[EndTime "10:52:19 PDT"]
[Termination "Anton_Demchenko won by resignation"]

1. e4 c5 2. Nf3 g6 3. Bc4 Bg7 4. c3 e6 5. O-O Ne7 6. d4 cxd4 7. Nxd4 O-O 8. Re1 d5 9. exd5 Nxd5 10. Na3 Nc6 11. Nxc6 bxc6 12. Qe2 Qa5 13. Bd2 Nxc3 14.
Qf3 Ba6 15. Bxa6 Qxa6 16. Bxc3 1-0

[Event "*** Titled Tuesday Blitz"]
[Site "Chess.com"]
[Date "2020.05.26"]
[Round "5"]
[White "mohssenbinaddi"]
[Black "manmanlai1"]
[Result "0-1"]
[WhiteElo "2185"]
[BlackElo "2364"]
[TimeControl "180+1"]
[EndTime "10:52:20 PDT"]
[Termination "manmanlai1 won by resignation"]

1. d4 d5 2. Nf3 e6 3. g3 c5 4. Bg2 Nc6 5. O-O Nf6 6. c4 Be7 7. dxc5 O-O 8. cxd5 exd5 9. Bg5 h6 10. Bxf6 Bxf6 11. Nc3 Be6 12. Rc1 Rc8 13. a3 Qa5 14.
e3 Qxc5 15. Ne4 Qe7 16. Nxf6+ Qxf6 17. Qa4 a6 18. b4 Bg4 19. b5 Bxf3 20. Bxf3 axb5 21.
Qg4 Ne5 22. Qxc8 0-1

[Event "*** Titled Tuesday Blitz"]
[Site "Chess.com"]
[Date "2020.05.26"]
[Round "5"]
[White "MichailovM"]
[Black "1g41-0"]
[Result "1-0"]
[WhiteElo "2414"]
[BlackElo "2545"]
[TimeControl "180+1"]
[EndTime "10:52:21 PDT"]
[Termination "MichailovM won by resignation"]

1. e4 e5 2. Nf3 Nc6 3. Bb5 Nf6 4. d3 Bc5 5. Bxc6 dxc6 6. O-O Qe7 7. c3 Bg4 8. Be3 O-O-O 9. Qe2 Kb8 10. Nbd2 Nd7 11. b4 Bd6 12. Nc4 h5 13. a4 f6 14. b5 c5 15. a5 g5 16. Rfb1 Be6 17. b6 Bxc4 18. bxa7+ Kxa7 19. dxc4 Nb8 20. Qb2 c6 21. Qb6+ Ka8 22.
a6 1-0

[Event "*** Titled Tuesday Blitz"]
[Site "Chess.com"]
[Date "2020.05.26"]
[Round "5"]
[White "MartinMatthiesen"]
[Black "theblitzchamp"]
[Result "0-1"]
[WhiteElo "2371"]
[BlackElo "2680"]
[TimeControl "180+1"]
[EndTime "10:52:26 PDT"]
[Termination "theblitzchamp won by resignation"]

1. d4 Nf6 2. c4 g6 3. Nc3 Bg7 4. Nf3 d6 5. g3 O-O 6. Bg2 Nbd7 7. O-O e5 8. h3 exd4 9. Nxd4 Re8 10. e4 Nc5 11.
Re1 a5 12. Ndb5 Bd7 13. Be3 Qc8 14. Qc2 Bxh3 15. Bxh3 Qxh3 16. Nxc7 Ng4 17. f3 Nxe3 18. Rxe3 Bd4 19. Nd1 Qxg3+ 20. Qg2 Qe1+ 0-1

[Event "*** Titled Tuesday Blitz"]
[Site "Chess.com"]
[Date "2020.05.26"]
[Round "5"]
[White "Alexandercs432"]
[Black "maximnovik"]
[Result "0-1"]
[WhiteElo "2129"]
[BlackElo "2466"]
[TimeControl "180+1"]
[EndTime "10:52:31 PDT"]
[Termination "maximnovik won by resignation"]

1. e4 c6 2. d4 d5 3. e5 Bf5 4. h4 h6 5. g4 Bd7 6. h5 c5 7. c3 Nc6 8. f4 Qb6 9. f5 cxd4 10. Nf3 e6 11. fxe6 Bxe6 12. cxd4 Bxg4 13. Nc3 O-O-O 14. Be3 Qxb2 15. Nb5 Bb4+ 0-1

[Event "*** Titled Tuesday Blitz"]
[Site "Chess.com"]
[Date "2020.05.26"]
[Round "5"]
[White "Chess_Boxer123"]
[Black "lelya96"]
[Result "1-0"]
[WhiteElo "2691"]
[BlackElo "2269"]
[TimeControl "180+1"]
[EndTime "10:52:34 PDT"]
[Termination "Chess_Boxer123 won by resignation"]

1. d4 d5 2. c4 c6 3. Nc3 Nf6 4. cxd5 cxd5 5. Bf4 a6 6. e3 Nc6 7. Rc1 g6 8. Nf3 Bg7 9. h3 O-O 10. Bd3 Re8 11. O-O Bd7 12. Na4 b6 13. Ne5 Nxe5 14.
Bxe5 Rc8 15. Rxc8 Bxc8 16. Qb3 b5 17. Nc5 e6 18. a4 bxa4 19. Qxa4 Nd7 20. Bxg7 Kxg7 21.
b4 Nb6 22. Qc6 Nc4 23. Bxc4 dxc4 24. Rc1 Qd5 25. Qxe8 1-0

[Event "*** Titled Tuesday Blitz"]
[Site "Chess.com"]
[Date "2020.05.26"]
[Round "5"]
[White "bakki78"]
[Black "Zq1"]
[Result "1-0"]
[WhiteElo "2753"]
[BlackElo "2506"]
[TimeControl "180+1"]
[EndTime "10:52:35 PDT"]
[Termination "bakki78 won by resignation"]

1. e4 c5 2. c3 d5 3. exd5 Qxd5 4. d4 Nf6 5. Nf3 Bf5 6. Be3 Bxb1 7. Rxb1 cxd4 8.
Nxd4 Nc6 9. Nb5 Rc8 10. Nxa7 Nxa7 11. Bxa7 e6 12. Qa4+ Rc6 13. Rd1 Qe5+ 14. Be3 Nd5 15. Bb5 Nxe3 16. Qa8+ 1-0

[Event "*** Titled Tuesday Blitz"]
[Site "Chess.com"]
[Date "2020.05.26"]
[Round "5"]
[White "FeketeBarika"]
[Black "TheCavemanChesss"]
[Result "0-1"]
[WhiteElo "2237"]
[BlackElo "2465"]
[TimeControl "180+1"]
[EndTime "10:52:36 PDT"]
[Termination "TheCavemanChesss won by resignation"]

1. Nf3 Nf6 2. g3 g6 3. c4 Bg7 4. Bg2 O-O 5. Nc3 d6 6. O-O e5 7.
d3 Nc6 8. Rb1 a5 9. a3 Bd7 10.
b4 axb4 11. axb4 Re8 12. Bd2 e4 13. dxe4 Nxe4 14. Nxe4 Rxe4 15. Qc2 Bf5 16. Nh4 Rxh4 0-1

[Event "*** Titled Tuesday Blitz"]
[Site "Chess.com"]
[Date "2020.05.26"]
[Round "5"]
[White "Piotrek1979"]
[Black "Colombiano07"]
[Result "1-0"]
[WhiteElo "2416"]
[BlackElo "2266"]
[TimeControl "180+1"]
[EndTime "10:52:50 PDT"]
[Termination "Piotrek1979 won by resignation"]

1. Nf3 d5 2. c4 c6 3. b3 Bf5 4.
Bb2 e6 5. e3 h6 6. Be2 Nf6 7.
O-O Be7 8. d3 Bh7 9. a3 O-O 10.
b4 a5 11. c5 axb4 12. axb4 Rxa1 13. Bxa1 Na6 14. Qa4 Nc7 15. Nbd2 Qa8 16. Qb3 Qa7 17. Be5 Nb5 18. Ra1 1-0

[Event "*** Titled Tuesday Blitz"]
[Site "Chess.com"]
[Date "2020.05.26"]
[Round "5"]
[White "Malysch"]
[Black "Witik"]
[Result "0-1"]
[WhiteElo "2452"]
[BlackElo "2665"]
[TimeControl "180+1"]
[EndTime "10:52:52 PDT"]
[Termination "Witik won by resignation"]

1. d4 Nf6 2. c4 g6 3. g3 Bg7 4. Bg2 O-O 5. Nf3 d6 6. O-O Nc6 7. Nc3 a6 8. Bf4 Rb8 9. Rc1 e6 10. Qd2 Ne7 11. Rfd1 b5 12. c5 Bb7 13. Bh6 b4 14.
Bxg7 bxc3 15. Qh6 Nf5 16. Bxf8 Nxh6 17. Bxh6 cxb2 18. Rb1 Be4 0-1

[Event "*** Titled Tuesday Blitz"]
[Site "Chess.com"]
[Date "2020.05.26"]
[Round "5"]
[White "ZarinaShafigullina"]
[Black "jd001"]
[Result "1-0"]
[WhiteElo "2341"]
[BlackElo "2171"]
[TimeControl "180+1"]
[EndTime "10:52:56 PDT"]
[Termination "ZarinaShafigullina won by resignation"]

1. d4 e6 2. Nf3 f5 3. g3 Nf6 4. Bg2 Be7 5. O-O O-O 6. c4 d6 7. Nc3 Ne4 8. Qc2 Nxc3 9. Qxc3 Bf6 10. Re1 c5 11. Be3 Qc7 12. Rac1 Nc6 13. Qd2 b6 14. d5 Ne7 15. dxe6 Bxe6 16. Ng5 Bxg5 17. Bxa8 Bxe3 18. Qxe3 Bxc4 19. Rxc4 Rxa8 20. Qe6+ Kf8 21. Rh4 h6 22. e4 fxe4 23. Rf4+ Ke8 24. Rfxe4 1-0

[Event "*** Titled Tuesday Blitz"]
[Site "Chess.com"]
[Date "2020.05.26"]
[Round "5"]
[White "mrkvoz"]
[Black "Tayson_7"]
[Result "0-1"]
[WhiteElo "2825"]
[BlackElo "2632"]
[TimeControl "180+1"]
[EndTime "10:52:57 PDT"]
[Termination "Tayson_7 won by resignation"]

1. e4 e5 2. Nf3 Nc6 3. d4 exd4 4. Nxd4 Nf6 5. Nxc6 bxc6 6. Bd3 d5 7. exd5 cxd5 8. O-O Be7 9. c4 d4 10. Bg5 O-O 11.
Nd2 Bb7 12. Re1 h6 13. Bxf6 Bxf6 14. b4 a5 15. b5 Qd6 16. Be4 c6 17. Rc1 Qc7 18. a4 Rad8 19. Qf3 Bg5 20. Rcd1 Rfe8 21. g3 Bxd2 22. Rxd2 cxb5 23. cxb5 Bxe4 24. Rxe4 Rxe4 25. Qxe4 Qc1+ 26. Qe1 Qxe1+ 0-1

[Event "*** Titled Tuesday Blitz"]
[Site "Chess.com"]
[Date "2020.05.26"]
[Round "5"]
[White "krasavetc"]
[Black "Sanyura"]
[Result "0-1"]
[WhiteElo "2257"]
[BlackElo "2483"]
[TimeControl "180+1"]
[EndTime "10:52:57 PDT"]
[Termination "Sanyura won by resignation"]

1. e4 c5 2. Nf3 e6 3. c3 d5 4.
exd5 exd5 5. Be2 Nf6 6. O-O Be7 7. d4 O-O 8. dxc5 Bxc5 9. Nbd2 Nc6 10. Nb3 Bd6 11.
Bg5 h6 12. Bh4 Be6 13. Nfd4 Ne5 14. Re1 a6 15. Bf1 Rc8 16. Bg3 Neg4 17. Nxe6 fxe6 18. Nd4 Bxg3 19. hxg3 e5 20. Ne6 Qb6 21. Nxf8 Qxf2+ 22. Kh1 Qxg3 0-1

[Event "*** Titled Tuesday Blitz"]
[Site "Chess.com"]
[Date "2020.05.26"]
[Round "5"]
[White "AwareIdea"]
[Black "abubakrtagelsir"]
[Result "1-0"]
[WhiteElo "2508"]
[BlackElo "2315"]
[TimeControl "180+1"]
[EndTime "10:53:09 PDT"]
[Termination "AwareIdea won by resignation"]

1. c4 Nf6 2. Nc3 g6 3. d4 Bg7 4. e4 d6 5. Nf3 O-O 6. h3 e5 7. d5 a5 8. Be3 Na6 9. g4 Nd7 10. Nd2 f5 11. gxf5 gxf5 12. exf5 Qh4 13. Qg4 Qf6 14. Rg1 Ndc5 15. Nde4 Nxe4 16. Nxe4 Qf7 17. Bh6 Bxf5 18. Qxg7+ Qxg7 19. Rxg7+ Kh8 20. Ng3 Nb4 21. Kd2 Rf6 22. Nxf5 Rxf5 23. Rg2 Rg8 24. Rxg8+ Kxg8 25. Be3 Kf7 26. a3 Na6 27. Bd3 Rh5 28. Rh1 Nb8 29. h4 Nd7 30. Be2 1-0

[Event "*** Titled Tuesday Blitz"]
[Site "Chess.com"]
[Date "2020.05.26"]
[Round "5"]
[White "Herracek"]
[Black "Konek-Gorbunok"]
[Result "0-1"]
[WhiteElo "2555"]
[BlackElo "2252"]
[TimeControl "180+1"]
[EndTime "10:53:12 PDT"]
[Termination "Konek-Gorbunok won by resignation"]

1. c4 e6 2. Nc3 d5 3. d4 c6 4. e4 dxe4 5. Nxe4 Bb4+ 6. Bd2 Qxd4 7. Bxb4 Qxe4+ 8. Be2 Na6 9. Bc3 Nf6 10. Qd6 Bd7 11.
O-O-O O-O-O 12. Bf3 Qxc4 13. Rd4 Qxa2 14. Qe7 Nd5 15. Bxd5 exd5 16. Kc2 Bf5+ 17. Kd2 Qb1 0-1

[Event "*** Titled Tuesday Blitz"]
[Site "Chess.com"]
[Date "2020.05.26"]
[Round "5"]
[White "sergeikim"]
[Black "RobertoJBM"]
[Result "0-1"]
[WhiteElo "2407"]
[BlackElo "2580"]
[TimeControl "180+1"]
[EndTime "10:53:23 PDT"]
[Termination "RobertoJBM won by resignation"]

1. d4 Nf6 2. c4 g6 3. Nc3 d5 4.
cxd5 Nxd5 5. e4 Nxc3 6. bxc3 Bg7 7. Bc4 c5 8. Ne2 Nc6 9. Be3 O-O 10. O-O Qc7 11. Rc1 Rd8 12. Qd2 b6 13. Bh6 Bb7 14.
Bxg7 Kxg7 15. f4 cxd4 16. cxd4 Qd7 17. Bd5 e6 18. Bxc6 Bxc6 19. f5 exf5 20. exf5 Bb5 21.
f6+ Kh8 22. Qh6 Rg8 23. Rf3 Bxe2 24. Re3 Qxd4 25. Re1 Bh5 26. Qg5 Rae8 27. h3 Rxe3 28. Rxe3 Re8 0-1

[Event "*** Titled Tuesday Blitz"]
[Site "Chess.com"]
[Date "2020.05.26"]
[Round "5"]
[White "Aleksandar-Topalov"]
[Black "axvesik"]
[Result "1-0"]
[WhiteElo "2376"]
[BlackElo "2529"]
[TimeControl "180+1"]
[EndTime "10:53:32 PDT"]
[Termination "Aleksandar-Topalov won by resignation"]

1. b3 e5 2. Bb2 Nc6 3. c4 Nf6 4. e3 d6 5. Nf3 Be7 6. d4 exd4 7. Nxd4 O-O 8. Nc3 d5 9. Nxc6 bxc6 10. Qc2 Be6 11.
Rd1 Qc8 12. Be2 Bf5 13. Bd3 Bxd3 14. Qxd3 Rd8 15. O-O Rb8 16. Qe2 Qa6 17. cxd5 Qxe2 18. Nxe2 cxd5 19. Nf4 c6 20. Rc1 Rb6 21. Rc2 c5 22.
Bxf6 gxf6 23. Rd1 d4 24. Rcd2 Rbd6 25. e4 f5 26. e5 Ra6 27. Rc2 Re8 28. Nd3 Bf8 29.
f4 Rc8 30. Rdc1 Rac6 31. Rc4 a5 32. Ra4 Ra6 33. Rxd4 cxd4 34. Rxc8 Rb6 35. Rc4 1-0

[Event "*** Titled Tuesday Blitz"]
[Site "Chess.com"]
[Date "2020.05.26"]
[Round "5"]
[White "AlexTriapishko"]
[Black "2346PL"]
[Result "1-0"]
[WhiteElo "2733"]
[BlackElo "2504"]
[TimeControl "180+1"]
[EndTime "10:53:34 PDT"]
[Termination "AlexTriapishko won by resignation"]

1. e4 c5 2. Nf3 Nf6 3. Nc3 Nc6 4. d4 d5 5. exd5 Nxd5 6. Bb5 Nxc3 7. bxc3 cxd4 8. O-O a6 9. Bxc6+ bxc6 10. cxd4 e6 11. Ne5 Bd6 12. Qf3 Bxe5 13. dxe5 Qd5 14.
Qg3 O-O 15. Bh6 g6 16. Rfd1 Qa5 17. Qf4 f5 18. Bxf8 Kxf8 19. Qg5 Qxe5 20. Rab1 Kf7 21. h4 Qf6 22. Qh6 Qg7 23. Rb7+ 1-0

[Event "*** Titled Tuesday Blitz"]
[Site "Chess.com"]
[Date "2020.05.26"]
[Round "5"]
[White "CroissantNeuf"]
[Black "Cubitas"]
[Result "1-0"]
[WhiteElo "2362"]
[BlackElo "2504"]
[TimeControl "180+1"]
[EndTime "10:53:34 PDT"]
[Termination "CroissantNeuf won by resignation"]

1. e4 c5 2. Nf3 Nc6 3. Bb5 e6 4. Bxc6 bxc6 5. O-O Ne7 6. d3 Ng6 7. Ng5 f6 8. Nh3 d5 9. f4 c4 10. f5 Ne5 11. d4 Nf7 12. fxe6 Bxe6 13. Nf4 Bd7 14.
exd5 cxd5 15. Re1+ 1-0

[Event "*** Titled Tuesday Blitz"]
[Site "Chess.com"]
[Date "2020.05.26"]
[Round "5"]
[White "Escanor89"]
[Black "Gerasimenyuk_Miha"]
[Result "1-0"]
[WhiteElo "2562"]
[BlackElo "2398"]
[TimeControl "180+1"]
[EndTime "10:53:41 PDT"]
[Termination "Escanor89 won by resignation"]

1. c4 c5 2. Nf3 Nc6 3. d4 d6 4. Nc3 cxd4 5. Nxd4 Nxd4 6. Qxd4 Nf6 7. g3 g6 8. Bg2 Bg7 9. O-O h5 10. Bg5 a6 11. Rfd1 O-O 12. Qd2 Rb8 13. c5 Be6 14.
cxd6 exd6 15. Qf4 Bf5 16. e4 Bg4 17. Rxd6 Be6 18. Rxd8 1-0

[Event "*** Titled Tuesday Blitz"]
[Site "Chess.com"]
[Date "2020.05.26"]
[Round "5"]
[White "DACF2905"]
[Black "SaraciNderim"]
[Result "0-1"]
[WhiteElo "2275"]
[BlackElo "2752"]
[TimeControl "180+1"]
[EndTime "10:53:43 PDT"]
[Termination "SaraciNderim won by resignation"]

1. c4 Nf6 2. Nc3 g6 3. g3 Bg7 4.
Bg2 O-O 5. e4 c5 6. Nge2 Nc6 7.
O-O d6 8. d3 Ne8 9. f4 Nc7 10.
Be3 Ne6 11. Qd2 Ned4 12. Rab1 a6 13. b3 Rb8 14. a4 b5 15. h3 Bd7 16. Kh2 Qa5 17.
axb5 axb5 18. Rfd1 Nxe2 19. Nxe2 Qxd2 20. Bxd2 b4 21.
Be3 e5 22. Ra1 exf4 23. Nxf4 Bxa1 24. Rxa1 Ra8 25. Rb1 Ra2 26. Nd5 Be6 27. Nc7 Ne5 28.
d4 cxd4 29. Bxd4 Nf3+ 0-1

[Event "*** Titled Tuesday Blitz"]
[Site "Chess.com"]
[Date "2020.05.26"]
[Round "5"]
[White "FMalexhdez"]
[Black "ural58"]
[Result "0-1"]
[WhiteElo "2051"]
[BlackElo "2484"]
[TimeControl "180+1"]
[EndTime "10:53:44 PDT"]
[Termination "ural58 won by resignation"]

1. e4 d5 2. exd5 Qxd5 3. Nc3 Qa5 4. d4 Nf6 5. Nf3 Nc6 6. Bd2 a6 7. Ne4 Qb6 8. Nxf6+ gxf6 9. d5 Nd4 10. Nxd4 Qxd4 11.
Bc3 Qe4+ 12. Qe2 Qxd5 13. Rd1 Qe6 14. g3 Qxe2+ 15. Kxe2 Bd7 16. Bg2 O-O-O 17. h3 Bb5+ 18. Ke3 Bh6+ 19. f4 e5 20. Be4 exf4+ 21. gxf4 Rde8 22.
Kf3 Rxe4 23. Kxe4 Bc6+ 24. Kf5 Bxh1 25. Rxh1 Re8 26. Bxf6 Re2 27. Rd1 b5 28. Rd8+ Kb7 29. Rd7 Rf2 30. Be5 Rxc2 31. Rxc7+ Rxc7 0-1

[Event "*** Titled Tuesday Blitz"]
[Site "Chess.com"]
[Date "2020.05.26"]
[Round "5"]
[White "harkerchess"]
[Black "letsgoband"]
[Result "0-1"]
[WhiteElo "2054"]
[BlackElo "2383"]
[TimeControl "180+1"]
[EndTime "10:53:48 PDT"]
[Termination "letsgoband won by resignation"]

1. d4 Nf6 2. Bg5 e6 3. e4 h6 4. Bxf6 Qxf6 5. c3 Nc6 6. Bd3 g6 7. Ne2 Bg7 8. O-O b6 9. f4 Bb7 10. Nd2 O-O-O 11. a4 a6 12. b4 Nb8 13. Nc4 Qe7 14.
Ng3 f5 15. e5 g5 16. Nh5 Rhg8 17. b5 a5 18. Ne3 d6 19. Qe2 dxe5 20. dxe5 Nd7 21.
Nxg7 Rxg7 22. Bxf5 gxf4 23. Rxf4 exf5 24. Nxf5 Qc5+ 25.
Rf2 Rxg2+ 26. Kf1 Rxf2+ 27. Qxf2 Qxf2+ 28. Kxf2 Rf8 29. Ke3 Rxf5 30. Rg1 Rxe5+ 31. Kd4 Re8 32. Rg6 Nc5 33. c4 Re4+ 34. Kc3 Re3+ 35. Kd2 Rd3+ 36. Ke2 Rh3 37. Rg8+ Kd7 38. Rg7+ Kd6 39. Rg6+ Ne6 40.
Rg2 Bxg2 0-1

[Event "*** Titled Tuesday Blitz"]
[Site "Chess.com"]
[Date "2020.05.26"]
[Round "5"]
[White "woodhy"]
[Black "WIDBIFS"]
[Result "1-0"]
[WhiteElo "2432"]
[BlackElo "2609"]
[TimeControl "180+1"]
[EndTime "10:53:49 PDT"]
[Termination "woodhy won by resignation"]

1. e4 c6 2. d4 d5 3. Nc3 dxe4 4.
Nxe4 Nf6 5. Ng3 e6 6. Nf3 c5 7. c3 Nc6 8. Be3 cxd4 9. Nxd4 Bd7 10. Be2 Be7 11. O-O O-O 12. Nb3 Qc7 13. Nc5 Rad8 14.
Nxd7 Rxd7 15. Qa4 a6 16. Rfd1 Rfd8 17. Rxd7 Rxd7 18. Rd1 Rxd1+ 19. Qxd1 Nd5 20. Bd2 g6 21. c4 Nf4 22. Bf3 Nd3 23. b3 Bc5 24. Ne4 Ba7 25. Bh6 Nce5 26. Nf6+ Kh8 27. Bg7+ Kxg7 28. Ne8+ Kg8 29.
Nxc7 Nxf2 30. Qd8+ Kg7 31. Ne8+ 1-0

[Event "*** Titled Tuesday Blitz"]
[Site "Chess.com"]
[Date "2020.05.26"]
[Round "5"]
[White "WhiteCapital80"]
[Black "ZuchBolt"]
[Result "1-0"]
[WhiteElo "2409"]
[BlackElo "2223"]
[TimeControl "180+1"]
[EndTime "10:53:50 PDT"]
[Termination "WhiteCapital80 won by resignation"]

1. e4 c5 2. Nf3 e6 3. d4 cxd4 4. Nxd4 Nc6 5. Nc3 Qc7 6. Be2 a6 7. O-O Nf6 8. a4 Bd6 9. h3 Nxd4 10. Qxd4 Be5 11. Qd3 Bxc3 12. bxc3 b6 13. Ba3 Bb7 14. Bd6 Qc6 15. f3 Rc8 16. c4 Ng8 17. Rab1 f6 18. Rb2 Qxa4 19. Rxb6 Bc6 20. Qc3 Bb5 21. Ra1 Rxc4 22.
Bxc4 Qxc4 23. Qxc4 Bxc4 24. Rb8+ Kf7 25. Rab1 Bb5 26. Rf8+ Kg6 27. c4 1-0

[Event "*** Titled Tuesday Blitz"]
[Site "Chess.com"]
[Date "2020.05.26"]
[Round "5"]
[White "SamuelGhimpu2003"]
[Black "chegueps"]
[Result "0-1"]
[WhiteElo "2574"]
[BlackElo "2437"]
[TimeControl "180+1"]
[EndTime "10:53:53 PDT"]
[Termination "chegueps won by resignation"]

1. e4 c5 2. Nf3 e6 3. d4 cxd4 4. Nxd4 Nf6 5. Nc3 Nc6 6. Nxc6 bxc6 7. e5 Nd5 8. Ne4 Qc7 9. f4 Qb6 10. c4 Bb4+ 11. Ke2 f5 12. Kf3 fxe4+ 13. Kxe4 Nc7 14. Qg4 O-O 15. Bd3 d5+ 16. exd6 Bxd6 17. Kf3 Qd4 18. Ke2 e5 19. Qh5 e4 20. Bc2 Qxc4+ 21. Kd1 Bb4 22. Be3 Qd5+ 23. Kc1 Qxh5 0-1

[Event "*** Titled Tuesday Blitz"]
[Site "Chess.com"]
[Date "2020.05.26"]
[Round "5"]
[White "chessplayer9919"]
[Black "ferdipy"]
[Result "1-0"]
[WhiteElo "2484"]
[BlackElo "2257"]
[TimeControl "180+1"]
[EndTime "10:53:59 PDT"]
[Termination "chessplayer9919 won by resignation"]

1. d4 Nf6 2. c4 e6 3. Nf3 Bb4+ 4. Bd2 Qe7 5. g3 Nc6 6. Bg2 Bxd2+ 7. Nbxd2 d6 8. O-O a5 9. e4 e5 10. d5 Nb8 11. a3 Na6 12. b4 O-O 13. Ne1 Bg4 14. f3 Bd7 15. Nd3 b6 16. Qc2 c5 17. dxc6 Bxc6 18. b5 Bxb5 19. cxb5 Nc5 20. Nxc5 dxc5 21. Nc4 Rab8 22. f4 exf4 23. gxf4 Ng4 24. h3 Nh6 25. f5 f6 26. Rae1 Nf7 27. Qc3 Qd7 28. e5 fxe5 29. Nxe5 Nxe5 30. Qxe5 Qxb5 31. f6 Rxf6 32. Rxf6 gxf6 33.
Qxb8+ 1-0

[Event "*** Titled Tuesday Blitz"]
[Site "Chess.com"]
[Date "2020.05.26"]
[Round "5"]
[White "Bigfish1995"]
[Black "Pultis"]
[Result "1-0"]
[WhiteElo "3027"]
[BlackElo "2717"]
[TimeControl "180+1"]
[EndTime "10:54:07 PDT"]
[Termination "Bigfish1995 won on time"]

1. f4 e5 2. fxe5 d6 3. exd6 Bxd6 4. Nf3 g5 5. g3 g4 6. Nh4 Ne7 7. d4 Ng6 8. Nxg6 hxg6 9. Qd3 Bf5 10. e4 Qe7 11. Bg2 Nc6 12. Nc3 O-O-O 13. Be3 Rxh2 14. Rxh2 Bxg3+ 15. Kf1 Nb4 16. Bg5 Qxg5 17. Qxg3 Nxc2 18. Nb5 Qe7 19. Rc1 a6 20. Rxc2 1-0

[Event "*** Titled Tuesday Blitz"]
[Site "Chess.com"]
[Date "2020.05.26"]
[Round "5"]
[White "cukin84"]
[Black "MaxLeto"]
[Result "1-0"]
[WhiteElo "2183"]
[BlackElo "2319"]
[TimeControl "180+1"]
[EndTime "10:54:07 PDT"]
[Termination "cukin84 won by resignation"]

1. e4 c5 2. Nc3 Nc6 3. Bb5 Nd4 4. Bc4 e6 5. Nf3 Ne7 6. Nxd4 cxd4 7. Ne2 Nc6 8. Bb3 g6 9. d3 Bg7 10. Bf4 d6 11.
O-O Kf8 12. Qd2 h6 13. c3 Kg8 14. cxd4 Nxd4 15. Nxd4 Bxd4 16. Be3 Qf6 17. f4 Kg7 18. Rac1 b6 19. Rc7 Ba6 20. f5 Rhc8 21. Rd7 Rd8 22. fxe6 Bxe3+ 23. Qxe3 Qxf1+ 24. Kxf1 Rxd7 1-0

[Event "*** Titled Tuesday Blitz"]
[Site "Chess.com"]
[Date "2020.05.26"]
[Round "5"]
[White "kasparicy"]
[Black "MikeSailer"]
[Result "1-0"]
[WhiteElo "2304"]
[BlackElo "2078"]
[TimeControl "180+1"]
[EndTime "10:54:08 PDT"]
[Termination "kasparicy won by checkmate"]

1. e4 d5 2. exd5 Qxd5 3. Nf3 Bg4 4. Be2 Nc6 5. d4 O-O-O 6. Be3 Nf6 7. Nbd2 e5 8. c4 Qa5 9. d5 Bxf3 10. Bxf3 Nd4 11. O-O Nxf3+ 12. Nxf3 e4 13. Nd4 Bd6 14. a3 Qa6 15. Nb5 b6 16. b4 h5 17. Qc2 Kb8 18.
Nd4 Rde8 19. Nc6+ Ka8 20. a4 Bxh2+ 21. Kxh2 Ng4+ 22. Kg1 Qc8 23. a5 b5 24. cxb5 Qf5 25. Qc5 Nxe3 26. Qxa7# 1-0

[Event "*** Titled Tuesday Blitz"]
[Site "Chess.com"]
[Date "2020.05.26"]
[Round "5"]
[White "eightbyeightchess"]
[Black "savagemedusa"]
[Result "1-0"]
[WhiteElo "2440"]
[BlackElo "2230"]
[TimeControl "180+1"]
[EndTime "10:54:13 PDT"]
[Termination "eightbyeightchess won by resignation"]

1. e4 c5 2. Nf3 e6 3. d4 cxd4 4.
Nxd4 Nc6 5. Nc3 Qc7 6. Nxc6 bxc6 7. Bd3 Nf6 8. O-O Bc5 9. Qe2 d6 10. Na4 Bb6 11. Nxb6 axb6 12. b3 O-O 13. e5 dxe5 14.
Bb2 Nd7 15. f4 exf4 16. Qh5 g6 17. Qh6 e5 18. Rxf4 Nc5 19. Rh4 f6 20. Bxg6 hxg6 21.
Qh8+ Kf7 22. Qh7+ 1-0

[Event "*** Titled Tuesday Blitz"]
[Site "Chess.com"]
[Date "2020.05.26"]
[Round "5"]
[White "Gabix_94"]
[Black "TranJMinh"]
[Result "1-0"]
[WhiteElo "2924"]
[BlackElo "2789"]
[TimeControl "180+1"]
[EndTime "10:54:14 PDT"]
[Termination "Gabix_94 won on time"]

1. d4 Nf6 2. Nf3 e6 3. e3 b6 4. Bd3 Bb7 5. O-O Be7 6. b3 O-O 7. Bb2 c5 8. Nbd2 Nc6 9. a3 d5 10. Re1 Nd7 11. Qe2 Bd6 12. Rad1 h6 13. dxc5 Nxc5 14.
e4 Nxd3 15. Qxd3 Ne7 16. c4 dxe4 17. Nxe4 Bxe4 18. Qxe4 Qc7 19. g3 Nf5 20. Qg4 Rae8 21. Nd4 g6 22. Nb5 1-0

[Event "*** Titled Tuesday Blitz"]
[Site "Chess.com"]
[Date "2020.05.26"]
[Round "5"]
[White "pedro_nascimento85"]
[Black "SHIVACalypso"]
[Result "0-1"]
[WhiteElo "1872"]
[BlackElo "2285"]
[TimeControl "180+1"]
[EndTime "10:54:15 PDT"]
[Termination "SHIVACalypso won by resignation"]

1. d4 e6 2. c4 Nf6 3. Nc3 Bb4 4. e3 O-O 5. Ne2 c6 6. a3 Ba5 7. b4 Bc7 8. Ng3 d5 9. Bd3 Nbd7 10. O-O dxc4 11.
Bxc4 e5 12. d5 Nb6 13. Ba2 Nbxd5 14. Nxd5 cxd5 15. Bb2 Be6 16. Rc1 Rc8 17. Ne2 Qd7 18. Kh1 Rfd8 19. f4 Ng4 20. Qd2 Bb6 21. Rf3 d4 22.
exd4 Bxa2 23. Rg3 exd4 24. Rxc8 Qxc8 25. h3 Nf2+ 26. Kh2 Ne4 0-1